 Dungeon Crawl Stone Soup version 0.30-a0-613-gdd512c7efb (webtiles) character file.

Game seed: 127510824778172232

32011 bmack86 the Fighter (level 13, -1/125 HPs)
             Began as a Minotaur Fighter on Jan 8, 2023.
             Was a High Priest of Okawaru.
             Succumbed to a cane toad's poison
             ... on level 3 of the Lair of Beasts.
             The game lasted 00:32:55 (10433 turns).

bmack86 the Fighter (Minotaur Fighter)             Turns: 10433, Time: 00:32:55

Health: -1/125     AC: 30    Str: 26    XL:     13   Next: 29%
Magic:  15/15      EV:  6    Int:  5    God:    Okawaru [*****.]
Gold:   590        SH: 11    Dex: 10    Spells: 12/12 levels left

rFire   . . .      SeeInvis .    h - +2 war axe (vamp)
rCold   + . .      Faith    .    A - +0 kite shield
rNeg    . . .      Spirit   .    w - +0 plate armour
rPois   .          Reflect  .    B - +2 hat
rElec   .          Harm     .    g - +1 cloak
rCorr   .          Rampage  .    e - +2 pair of gloves
Will    .....                    v - +2 pair of boots Stlth
                                 (no amulet)
HPRegen 0.40/turn                D - +4 ring of protection
MPRegen 0.14/turn                U - ring of protection from cold

@: lethally poisoned (-1 -> -9)
A: horns 2, retaliatory headbutt
a: Renounce Religion, Heroism, Finesse, Duel


You were on level 3 of the Lair of Beasts.
You worshipped Okawaru.
Okawaru was extremely pleased with you.
You visited 3 branches of the dungeon, and saw 14 of its levels.
You also visited: Sewer and Bailey.

You collected 698 gold pieces.
You spent 108 gold pieces at shops.

Inventory:

Hand Weapons
 a - a +0 war axe
 h - a +2 vampiric war axe (weapon)
 H - a +5 battleaxe
Missiles
 k - 36 poisoned darts
 o - 14 boomerangs (quivered)
 z - 6 boomerangs of dispersal
 O - 3 silver boomerangs
 S - a throwing net
Armour
 e - a +2 pair of gloves (worn)
 g - a +1 cloak (worn)
 v - a +2 pair of boots (worn)
 w - a +0 plate armour (worn)
 A - a +0 kite shield (worn)
 B - a +2 hat (worn)
Jewellery
 j - a +5 ring of evasion
 l - a ring of poison resistance
 y - a +6 ring of dexterity
 D - a +4 ring of protection (left hand)
 L - a ring of fire
 M - the ring of Ycy Udwi {rPois rC- Str+7}
   (You found it in a bailey)

   [ring of poison resistance]

   Str:       It affects your strength (+7).
   rC:        It makes you vulnerable to cold.
   rPois:     It protects you from poison.
 N - a ring of positive energy
 P - a ring of magical power
 R - a ring of magical power
 U - a ring of protection from cold (right hand)
Wands
 c - a wand of quicksilver (17)
 i - a wand of mindburst (52)
 x - a wand of iceblast (18)
 K - a wand of polymorph (2)
 V - a wand of paralysis (4)
 W - a wand of flame (7)
Scrolls
 p - a scroll of amnesia
 r - 6 scrolls of teleportation
 u - 5 scrolls of fear
 I - 2 scrolls of fog
 Q - a scroll of enchant weapon
 T - a scroll of magic mapping
Potions
 b - a potion of cancellation
 d - 2 potions of brilliance
 f - 2 potions of haste
 m - 4 potions of ambrosia
 n - a potion of attraction
 q - a potion of magic
 s - 3 potions of heal wounds
 t - a potion of resistance
 C - a potion of berserk rage
 E - 4 potions of flight
 F - a potion of curing
 G - a potion of lignification {unknown}
 J - 4 potions of might


   Skills:
 * Level 14.6 Fighting
 * Level 14.5 Axes
 + Level 7.1 Throwing
 + Level 10.8 Armour
 + Level 10.9 Shields
 + Level 5.3 Invocations


You had 12 spell levels left.
You didn't know any spells.
Your spell library contained the following spells:

 Spells                   Type           Power      Damage    Failure   Level
 Static Discharge         Conj/Air       0%         2-2/arc   100%        2
 Ignite Poison            Fire/Tmut/Pois 0%         N/A       100%        3
 Kindle Blastsparks       Fire/Tloc/Air  0%         2d10      100%        3
 Portal Projectile        Hex/Tloc       0%         N/A       100%        3
 Vhi's Electric Charge    Tloc/Air       0%         N/A       100%        3
 Airstrike                Air            0%         2d(0-16)  100%        4
 Leda's Liquefaction      Hex/Erth       0%         N/A       100%        4
 Arcjolt                  Conj/Air       0%         1d10      100%        5
 Freezing Cloud           Conj/Ice/Air   0%         6-21      100%        5
 Lightning Bolt           Conj/Air       0%         1d11      100%        5
 Summon Small Mammal      Summ           Unusable   N/A       N/A         1
 Call Canine Familiar     Summ           Unusable   N/A       N/A         3
 Summon Guardian Golem    Hex/Summ       Unusable   N/A       N/A         3
 Summon Lightning Spire   Summ/Air       Unusable   N/A       N/A         4

Dungeon Overview and Level Annotations

Branches:
Dungeon (10/15)            Temple (1/1) D:7            Lair (3/5) D:8
  Sewer (visited)          Bailey (visited)
  Swamp: Lair:2-3    Shoals: Lair:2-3     Snake: Lair:2-3    Spider: Lair:2-3
    Orc: D:9-12

Altars:
Ashenzari
Cheibriados
Dithmenos
Elyvilon
Fedhas
Gozag
Hepliaklqana
Kikubaaqudgha
Makhleb
Okawaru
Qazlal
Ru
Trog
Vehumet
Wu Jian
Xom
Zin
The Shining One

Shops:
D:5 :[

Annotations:
Lair:3 exclusion: ice statue


Innate Abilities, Weirdness & Mutations

You have a pair of horns on your head.
You reflexively headbutt those who attack you in melee.


Message History

The cane toad stings you but does no damage.
You hit the death yak.
You feel better.
You headbutt the death yak.
The death yak is severely wounded.
You slash the cane toad!
You feel better.
You hit the boulder beetle but do no damage.
You feel sick. The boulder beetle bites you!
* * * LOW HITPOINT WARNING * * *
The cane toad stings you.
* * * LOW HITPOINT WARNING * * *
You are lethally poisoned!
The cane toad poisons you! You block the death yak's attack.
You slash the death yak!
The death yak is severely wounded.
You slash the cane toad!
You feel better.
You kill the cane toad!
Okawaru accepts your kill.
You slash the boulder beetle!
You feel better.
* * * LOW HITPOINT WARNING * * *
You feel very sick. You block the boulder beetle's attack.
The death yak gores you!
* * * LOW HITPOINT WARNING * * *
You hit the death yak.
You feel better.
Your headbutt misses the death yak.
The death yak is almost dead.
You hit the boulder beetle but do no damage.
* * * LOW HITPOINT WARNING * * *
You feel very sick. The boulder beetle barely misses you.
The death yak gores you but does no damage.
You slash the death yak!
You feel better.
You headbutt the death yak.
You kill the death yak!
Okawaru accepts your kill.
You slice the boulder beetle!!
* * * LOW HITPOINT WARNING * * *
You feel very sick.
The boulder beetle bites you but does no damage.
* * * LOW HITPOINT WARNING * * *
You feel very sick. You block the boulder beetle's attack.
You see here a death yak corpse.
You die...

#P........
##.........#..P....
#P............#P...
#................. #
##...............# .#
##................#...
###.....................
##..............#.....#..
..............@†.........
.....#!†..†...B###......
~.....~#††.#...## .....
~~~~~~~~~~##†#.# ....
~~~~~~~~~~~~~~## F..
~≈~~~~~~≈~≈~~~~ ..
h......~.~~~~~~~ .
...........~.~~~~
...∩...........~.~


You could see a boulder beetle.

Vanquished Creatures
  An orc warlord (Bailey)
  The ghost of gelatine the Skirmisher, a journeyman DsHu of Qazlal (Lair:1)
  A centaur warrior (D:8)
  3 two-headed ogres
  2 death yaks (Lair:3)
  A bog body (Lair:3)
  A deep elf pyromancer (D:8)
  An oklob plant (Lair:1)
  A cyclops (D:7)
  2 unseen horrors
  5 cane toads
  2 komodo dragons (Lair:1)
  A kobold demonologist (D:10)
  An ice devil (Lair:3)
  4 rime drakes
  A polar bear (Lair:3)
  18 yaks
  2 wraiths (D:9)
  2 wyverns
  A warg (D:7)
  2 acid dragons
  21 water moccasins
  2 sky beasts (D:8)
  9 orc warriors
  5 black bears
  An ice beast (D:8)
  12 ogres
  3 centaurs
  3 phantoms
  4 scorpions
  2 necrophages
  8 bullfrogs
  6 gnoll sergeants
  4 kobold brigands
  A hornet simulacrum (D:8)
  4 killer bees (D:10)
  3 electric eels
  8 howler monkeys (D:7)
  3 jellies
  8 hounds
  13 orc priests
  11 orc wizards
  A spriggan simulacrum (Lair:3)
  3 polar bear simulacra (Lair:3)
  21 gnolls
  21 adders
  12 river rats
  6 white imps
  2 worms
  2 dart slugs (D:2)
  40 orcs
  9 endoplasms
  4 giant cockroaches
  18 goblins
  4 hobgoblins
  4 jackals (D:5)
  2 quokkas
  12 ball pythons
  2 bats
  3 frilled lizards (D:2)
  39 kobolds
  18 rats
407 creatures vanquished.

Vanquished Creatures (others)
  A rime drake (Lair:3)
  An orc wizard (D:9)
  A demonic plant (D:2)
  59 fungi
  52 plants
  A withered plant (D:2)
115 creatures vanquished.

Grand Total: 522 creatures vanquished

Notes
Turn   | Place    | Note
-------+----------+-------------------------------------------
     0 | D:1      | bmack86 the Minotaur Fighter began the quest for the Orb.
     0 | D:1      | Reached XP level 1. HP: 19/19 MP: 0/0
   231 | D:1      | Reached XP level 2. HP: 27/27 MP: 1/1
  1004 | D:2      | Reached XP level 3. HP: 31/33 MP: 2/2
  1142 | D:2      | Found a faded altar of an unknown god.
  1573 | D:2      | Reached XP level 4. HP: 41/41 MP: 3/3
  1696 | D:3      | Found a faded altar of an unknown god.
  1701 | D:3      | Found a glowing golden altar of the Shining One.
  1749 | D:3      | Found a bloodstained altar of Trog.
  1752 | D:3      | Found a sacrificial altar of Ru.
  1755 | D:3      | Found a radiant altar of Vehumet.
  1758 | D:3      | Found a glowing silver altar of Zin.
  1853 | D:3      | Noticed a black bear
  1861 | D:3      | Killed a black bear
  1862 | D:3      | Reached skill level 5 in Fighting
  1862 | D:3      | Reached XP level 5. HP: 15/48 MP: 4/4
  1926 | D:3      | Found a glowing drain.
  1946 | Sewer    | Entered a sewer
  2003 | Sewer    | Reached XP level 6. HP: 55/57 MP: 5/5
  2126 | Sewer    | Reached skill level 5 in Axes
  2842 | D:4      | Reached skill level 5 in Armour
  2842 | D:4      | Reached skill level 5 in Shields
  2911 | D:4      | Found a snail-covered altar of Cheibriados.
  2976 | D:4      | Reached XP level 7. HP: 59/64 MP: 6/6
  3259 | D:4      | Identified the +6 dagger "Nemuest" {flame, rC- Int+8}
  3513 | D:5      | Entered Level 5 of the Dungeon
  3529 | D:5      | Reached skill level 1 in Throwing
  3559 | D:5      | Found Ygygy's Tremendous Tomes.
  3580 | D:5      | Found Kexorgh's Antique Armour Boutique.
  3615 | D:5      | Bought a kite shield for 108 gold pieces
  3770 | D:5      | Reached XP level 8. HP: 44/73 MP: 7/7
  4265 | D:6      | Noticed a two-headed ogre
  4275 | D:6      | Killed a two-headed ogre
  4873 | D:6      | Reached XP level 9. HP: 82/82 MP: 8/8
  5358 | D:7      | Noticed a cyclops
  5371 | D:7      | Killed a cyclops
  5372 | D:7      | Reached skill level 10 in Fighting
  5375 | D:7      | HP: 1/85 [orc warrior/+0 flail (11)]
  5377 | D:7      | Reached XP level 10. HP: 2/93 MP: 9/9
  5690 | D:7      | Reached skill level 10 in Axes
  6101 | D:7      | Found a burning altar of Makhleb.
  6112 | D:7      | Found a staircase to the Ecumenical Temple.
  6119 | Temple   | Entered the Ecumenical Temple
  6137 | Temple   | Became a worshipper of Warmaster Okawaru
  6353 | D:8      | Reached skill level 5 in Throwing
  6355 | D:8      | Reached * piety under Okawaru
  6461 | D:8      | Noticed a deep elf pyromancer
  6475 | D:8      | Killed a deep elf pyromancer
  6544 | D:8      | Noticed a centaur warrior
  6558 | D:8      | Killed a centaur warrior
  6558 | D:8      | Reached ** piety under Okawaru
  6627 | D:8      | Reached XP level 11. HP: 104/104 MP: 10/10
  6760 | D:8      | Found a flagged portal.
  6770 | Bailey   | Entered a bailey
  6775 | Bailey   | Noticed an orc warlord
  6938 | Bailey   | Reached *** piety under Okawaru
  6948 | Bailey   | Found a runed translucent gate.
  6948 | Bailey   | Found a runed translucent gate.
  6971 | Bailey   | Found a runed translucent gate.
  7047 | Bailey   | Killed an orc warlord
  7048 | Bailey   | Reached skill level 1 in Invocations
  7073 | Bailey   | Identified the ring of Ycy Udwi {rPois rC- Str+7}
  7076 | Bailey   | Reached XP level 12. HP: 77/115 MP: 10/13
  7398 | D:8      | Found a staircase to the Lair.
  7720 | D:9      | Received a gift from Okawaru
  7798 | D:9      | Identified the +8 spear of Recklessness {flame, Contam rC+
                  | Str+8}
  7898 | D:9      | Noticed a two-headed ogre
  7912 | D:9      | Killed a two-headed ogre
  8069 | D:9      | Reached skill level 10 in Shields
  8223 | D:10     | Entered Level 10 of the Dungeon
  8371 | D:10     | Noticed a two-headed ogre
  8378 | D:10     | Killed a two-headed ogre
  8378 | D:10     | Reached **** piety under Okawaru
  8379 | D:10     | Reached skill level 10 in Armour
  8895 | D:10     | Found an ornate altar of the Wu Jian Council.
  9176 | Lair:1   | Entered Level 1 of the Lair of Beasts
  9304 | Lair:1   | Reached ***** piety under Okawaru
  9659 | Lair:1   | Received a gift from Okawaru
  9730 | Lair:1   | Reached XP level 13. HP: 124/124 MP: 15/15
  9734 | Lair:1   | Found a runed translucent door.
 10073 | Lair:1   | Noticed gelatine's ghost (journeyman DsHu)
 10092 | Lair:1   | Killed gelatine's ghost
 10285 | Lair:2   | Reached skill level 5 in Invocations
 10342 | Lair:2   | You fall into a shaft and drop 1 floor!
 10429 | Lair:3   | HP: 2/125 [death yak (11)]
 10433 | Lair:3   | Succumbed to a cane toad's poison

Illustrated notes

Levels and vault maps discovered:
D:1:      tarquinn_simple_flora_water_f, layout_basic
D:2:      layout_loops_ring, shapermc_ecumenical_altar_gd
D:3:      kennysheep_the_goblin_king, layout_loops_ring,
          nicolae_overflow_ecumenical_swirl, grunt_temple_overflow_cloverleaf,
          portal_sewer_entry_c
D:4:      layout_loops_ring, kennysheep_diamond, minmay_close_crescents
D:5:      layout_basic, nicolae_overflow_hidden_temple, serial_shops,
          shop_statue, nicolae_shop_i_like_big_books, nicolae_zen_rock_garden
D:6:      layout_basic
D:7:      lemuel_castle_with_subvaults [lemuel_castle_interior_carwin_1],
          layout_rooms, makhleb_heckhound_becter, temple_statues
D:8:      minmay_diamond_stairs, layout_basic, due_lair_maze_entry_diamond,
          serial_ice, serial_ice_k, serial_ice_e, serial_ice_b, serial_ice_g,
          serial_ice_m, serial_ice_d, enter_bailey_3
D:9:      layout_gridville
D:10:     lemuel_reptile_caves, layout_cave_pools, mainiacjoe_overflow_catwalk
Temple:   nicolae_temple_bog_church
Lair:1:   layout_cave_pods, ebering_ghost_reflecting_pool, lemuel_old_faithful
Lair:2:   beast_lair_carwin_large_2, layout_hall_layers,
          elwin_shoals_entry_rooms, serial_rivers,
          chequers_serial_rivers_large_a, chequers_serial_rivers_micro_e,
          chequers_serial_rivers_room_b, chequers_serial_rivers_micro_e,
          chequers_serial_rivers_room_a
Lair:3:   dreamdust_isle_of_ice, layout_cave_pods,
          nicolae_spider_entry_lesser_pyramids, portal_ice_cave_demonic_guard,
          beast_lair_carwin_3, uniq_nessos

Skill      XL: |  1  2  3  4  5  6  7  8  9 10 11 12 13 |
---------------+----------------------------------------+-----
Fighting       | 4 5 6 7 8 10 11 13 14 | 14.6
Axes           | 3 4 5 6 8 9 11 12 14 | 14.5
Shields        | 4 5 6 7 8 9 10 | 10.9
Armour         | 4 5 6 7 8 9 10 | 10.8
Throwing       | 1 3 4 5 6 7 |  7.1
Invocations    | 3 4 5 |  5.3

Action                   |  1- 3 |  4- 6 |  7- 9 | 10-12 | 13-15 || total
-------------------------+-------+-------+-------+-------+-------++-------
Melee: War axe           |    73 |   125 |   158 |   510 |    86 ||   952
       Headbutt          |     7 |    14 |    32 |    92 |    25 ||   170
Throw: Dart              |       |       |     5 |       |       ||     5
       Boomerang         |       |       |       |   107 |    10 ||   117
Invok: Heroism           |       |       |       |     3 |     1 ||     4
  Use: Scroll            |     1 |     7 |     9 |    10 |       ||    27
       Potion            |       |     1 |     1 |     1 |       ||     3
Armor: Scale mail        |    42 |    90 |    10 |       |       ||   142
       Plate armour      |       |       |    98 |   327 |    57 ||   482
Dodge: Dodged            |    32 |    76 |    66 |   238 |    20 ||   432
Block: Buckler           |    22 |    39 |     8 |       |       ||    69
       Kite shield       |       |       |    56 |   286 |    56 ||   398

Table legend: (Time is in decaauts)
 A = Elapsed time spent in this place.
 B = Non-inter-level travel time spent in this place.
 C = Inter-level travel time spent in this place.
 D = Time resting spent in this place.
 E = Time spent auto-exploring this place.
 F = Levels seen in this place.
 G = Mean time per level.
                   A        B        C        D        E       F      G
               +--------+--------+--------+--------+--------+-----+--------+
         Total |  10633 |  10220 |    413 |    248 |   6092 |  16 |  664.6 |
       Dungeon |   8377 |   8012 |    365 |    248 |   4870 |  10 |  837.7 |
        Temple |     43 |     28 |     15 |      0 |     12 |   1 |   43.0 |
          Lair |   1252 |   1220 |     32 |      0 |    848 |   3 |  417.3 |
         Sewer |    461 |    461 |      0 |      0 |    205 |   1 |  461.0 |
        Bailey |    498 |    498 |      0 |      0 |    156 |   1 |  498.0 |
               +--------+--------+--------+--------+--------+-----+--------+

Top non-repeatable levels by time:
     D:7: 1222 daAuts
  Lair:1: 995 daAuts
    D:10: 917 daAuts
     D:6: 898 daAuts
     D:8: 882 daAuts
     D:1: 863 daAuts
     D:4: 791 daAuts
     D:2: 741 daAuts
     D:3: 735 daAuts
     D:5: 718 daAuts
     D:9: 606 daAuts
  Bailey: 498 daAuts
   Sewer: 461 daAuts
  Lair:2: 171 daAuts
  Lair:3: 85 daAuts
